AoeStats
← sales96

Oasis

510135252Analyzed
4v4 RM · 4d ago on Sep 29, 2026· 51m 51s· 8 players
Game mode
Random Map
Map size
Large (8 player)
Population
200
Speed
Normal
Resources
Standard
Victory
Conquest
Starting age
Dark Age
Ending age
Imperial Age
RankedLock teamsTeams togetherTeam positionsShared explorationLock speedFull tech treeHidden civsTurbo modeCheats
Victory
Defeat
🇦🇷 Varangians · Argentina
1592
+16
🇩🇪 Spanish · Germany
1496
+20
🇨🇦 Mongols · Canada
1488
+21
🇦🇹 Britons · Austria
1469
+21
🇹🇼 Danes · Taiwan
1958
-30
🇹🇼 Saxons · Taiwan
1875
-28
🇷🇺 Ethiopians · Russia
1545
-18
🇨🇳 Franks · China
995
-9
LordCow
10:49 Feudal Age
11:28 Loom
11:37 Double-Bit Axe
16:42 Castle Age
16:26 Stone Mining
18:02 Horse Collar
23:54 Bow Saw
24:30 Wheelbarrow
26:58 Hand Cart
26:40 Fletching
27:06 Heavy Plow
30:48 Imperial Age
29:16 Gold Mining
29:44 Husbandry
29:54 Bloodlines
30:04 Padded Archer Armor
30:00 Bodkin Arrow
30:53 Gold Shaft Mining
31:32 Bracer
32:37 Ballistics
32:48 Drill
32:09 Onager
33:40 Conscription
34:32 Siege Onager
35:39 Siege Engineers
35:21 Capped Ram
36:43 Siege Ram
37:35 Light Cavalry
38:55 Elite Mangudai
42:11 Scale Barding Armor
42:23 Leather Archer Armor
42:18 Forging
43:55 Caravan
46:11 Hussar
eraycoskun33
3:21 Loom
10:08 Feudal Age
12:35 Double-Bit Axe
12:33 Horse Collar
19:27 Castle Age
17:22 Gold Mining
18:51 Stone Mining
21:25 Wheelbarrow
21:06 Bow Saw
28:01 Heavy Plow
30:18 Hand Cart
29:50 Town Watch
33:54 Imperial Age
31:59 Scale Barding Armor
32:15 Bloodlines
32:55 Fortified Wall
33:31 Chain Barding Armor
33:59 Cavalier
35:17 Plate Barding Armor
38:50 Chemistry
38:23 Caravan
39:08 Forging
40:45 Light Cavalry
41:26 Husbandry
42:07 Iron Casting
42:01 Hussar
43:13 Masonry
45:48 Paladin
47:53 Blast Furnace
48:56 Guilds
49:20 Coinage
50:57 Bombard Tower
50:31 Fletching
[DDocs] Haasal
8:21 Loom
10:25 Feudal Age
11:38 Double-Bit Axe
22:10 Castle Age
21:12 Fletching
21:47 Gold Mining
22:30 Crossbowman
24:03 Bodkin Arrow
25:55 Wheelbarrow
26:54 Padded Archer Armor
29:44 Horse Collar
33:18 Imperial Age
31:43 Leather Archer Armor
33:20 Hand Cart
35:25 Ballistics
34:31 Arbalester
35:15 Bracer
35:55 Stone Mining
37:19 Chemistry
37:42 Bow Saw
37:34 Heavy Plow
38:33 Ring Archer Armor
41:42 Chemistry
41:32 Conscription
43:00 Yeomen
45:52 Town Watch
45:50 Elite Longbowman
50:46 Caravan
sales96
10:59 Feudal Age
15:10 Castle Age
13:34 Double-Bit Axe
13:56 Horse Collar
15:01 Loom
22:55 Bow Saw
23:55 Heavy Plow
24:44 Wheelbarrow
25:13 Forging
29:05 Town Watch
33:00 Imperial Age
30:49 Scale Barding Armor
32:18 Chain Barding Armor
32:46 Bloodlines
32:39 Husbandry
33:21 Iron Casting
33:13 Gothikon
33:23 Elite Jarl
34:24 Conscription
34:01 Gothikon
36:03 Blast Furnace
35:00 Gold Mining
35:01 Stone Mining
36:29 Hand Cart
37:13 Plate Barding Armor
38:44 Stone Shaft Mining
38:56 Fletching
39:27 Ballistics
38:47 Light Cavalry
41:54 Crop Rotation
42:24 Two-Man Saw
41:20 Bodkin Arrow
42:27 Chemistry
41:33 Siege Engineers
42:17 Bracer
42:49 Caravan
43:20 Coinage
43:01 Guilds
43:04 Treadmill Crane
44:49 Banking
48:57 Masonry
49:23 Murder Holes
51:22 Architecture
雨浩
5:35 Loom
8:47 Feudal Age
12:48 Fletching
15:04 Double-Bit Axe
17:49 Horse Collar
24:26 Castle Age
23:15 Gold Mining
25:03 Bodkin Arrow
24:37 Crossbowman
25:13 Bodkin Arrow
30:07 Imperial Age
28:35 Padded Archer Armor
29:26 Ballistics
30:24 Leather Archer Armor
30:41 Bow Saw
31:48 Chemistry
30:53 Bracer
31:17 Bow Saw
32:21 Leather Archer Armor
33:10 Arbalester
35:37 Ring Archer Armor
41:10 Thumb Ring
48:23 Wheelbarrow
48:26 Caravan
小羽
10:52 Feudal Age
14:30 Castle Age
12:58 Double-Bit Axe
13:12 Horse Collar
15:58 Bow Saw
16:14 Town Watch
23:00 Wheelbarrow
23:47 Loom
24:08 Gold Mining
25:24 Fletching
26:43 Hand Cart
32:05 Imperial Age
31:09 Sanctity
31:00 Padded Archer Armor
31:03 Scale Mail Armor
31:44 Redemption
33:17 Chain Mail Armor
33:13 Forging
33:28 Block Printing
34:01 Theocracy
33:52 Illumination
34:36 Devotion
35:16 Plate Mail Armor
34:57 Siege Engineers
34:34 Treadmill Crane
35:56 Fortified Wall
35:56 Masonry
35:33 Arrowslits
35:39 Guard Tower
36:19 Caravan
36:02 Elite Hearth Troop
37:34 Iron Casting
37:53 Gold Shaft Mining
37:10 Stone Mining
38:16 Bodkin Arrow
38:41 Shield Wall
40:21 Coinage
40:39 Bracer
41:06 Ballistics
41:17 Guilds
41:48 Conscription
40:58 Sappers
42:23 Banking
42:17 Heavy Plow
43:18 Two-Man Saw
41:52 Clerical Recruitment
43:15 Hoardings
43:54 Town Patrol
46:28 Chemistry
46:07 Keep
46:02 Architecture
45:28 Murder Holes
46:05 Squires
45:51 Arson
49:05 Padded Archer Armor
ANKR.Blve
9:12 Feudal Age
11:14 Double-Bit Axe
11:45 Horse Collar
18:51 Castle Age
19:23 Loom
20:51 Wheelbarrow
20:27 Bow Saw
20:18 Heavy Plow
20:12 Stone Mining
20:44 Husbandry
20:22 Light Cavalry
24:34 Hand Cart
25:01 Gold Mining
25:46 Stone Shaft Mining
25:32 Town Watch
29:09 Gold Shaft Mining
31:48 Imperial Age
29:56 Ballistics
29:59 Scale Mail Armor
31:01 Chain Mail Armor
31:11 Forging
31:08 Squires
30:54 Gambesons
30:59 Arson
31:38 Caravan
32:30 Fletching
33:28 Plate Mail Armor
33:21 Conscription
33:14 Caravan
34:09 Iron Casting
33:27 Elite Jomsviking
35:56 Chemistry
34:47 Guard Tower
35:09 Masonry
35:31 Bodkin Arrow
35:32 Onager
36:15 Arrowslits
36:41 Siege Engineers
37:20 Northmen's Fury
39:23 Siege Onager
45:17 Hamask
47:00 Blast Furnace
46:01 Bracer
46:13 Masonry
51:14 Keep
Silver Crow
1:54 Loom
11:50 Feudal Age
17:21 Castle Age
15:59 Double-Bit Axe
18:35 Bow Saw
20:55 Wheelbarrow
23:46 Stone Mining
31:18 Imperial Age
29:44 Hand Cart
29:56 Gold Mining
30:35 Ballistics
29:57 Treadmill Crane
30:28 Masonry
32:22 Pikeman
32:23 Man-at-Arms
32:49 Gambesons
33:21 Scale Barding Armor
33:16 Scale Mail Armor
33:27 Forging
33:20 Halberdier
37:49 Gold Shaft Mining
37:59 Chivalry
41:53 Fletching
42:04 Padded Archer Armor
42:54 Cranequins
45:42 Town Watch
46:55 Heavy Mounted Crossbowman
50:29 Cavalier
52:22 Iron Casting
52:08 Chain Barding Armor
52:05 Leather Archer Armor
51:45 Bodkin Arrow
52:05 Husbandry
51:30 Paladin
Connection lost

Rejoining the realm…

Still unreachable

The connection could not be restored.

Session expired

The server has moved on; the page needs a fresh start.